 Dungeon Crawl Stone Soup version 0.28.0-1-gb440e238dd (webtiles) character file.

Game seed: 8959232440540719555

53 horus123 the Ogre Mage (level 3, -1/31 HPs)
             Began as an Ogre Ice Elementalist on Feb 20, 2022.
             Slain by Sigmund (3 damage)
             ... on level 2 of the Dungeon.
             The game lasted 00:03:04 (1577 turns).

horus123 the Ogre Mage (Ogre Ice Elementalist)      Turns: 1577, Time: 00:03:04

Health: -1/31      AC:  3    Str:  9 (12) XL:     3   Next: 87%
Magic:  5/9        EV:  9    Int: 17 (18) God:
Gold:   55         SH:  0    Dex:  7 (9)  Spells: 4/11 levels left

rFire   + . .      SeeInvis .   (no weapon)
rCold   + . .      Faith    .   (no shield)
rNeg    . . .      Spirit   .   a - +0 robe
rPois   +          Reflect  .   (helmet restricted)
rElec   +          Harm     .   (no cloak)
rCorr   +          Rampage  .   (gloves unavailable)
Will    .....                   (boots unavailable)
Stlth   +.........              (no amulet)
HPRegen 0.10/turn               (no ring)
MPRegen 0.11/turn               (no ring)

@: resistant
A: large, unfitting armour, tough skin 1
a: no special abilities


You were on level 2 of the Dungeon.
You visited 1 branch of the dungeon, and saw 2 of its levels.

You collected 55 gold pieces.

Inventory:

Armour
 a - a +0 robe (worn)
Jewellery
 b - an amulet of guardian spirit
 f - a +6 ring of strength
Wands
 e - a wand of polymorph (6)
Scrolls
 h - a scroll of teleportation


   Skills:
 - Level 1.7 Dodging
 - Level 1.4 Stealth
 + Level 4.6 Spellcasting
 - Level 3.6 Ice Magic


You had 4 spell levels left.
You knew the following spells:

 Your Spells              Type           Power      Damage    Failure   Level
a - Freeze                Ice            64%        1d8       3%          1
b - Frozen Ramparts       Ice            32%        1d5       10%         3
c - Ozocubu's Armour      Ice            16%        N/A       10%         3

Your spell library contained the following spells:

 Spells                   Type           Power      Damage    Failure   Level
 Hailstorm                Conj/Ice       10%        3d5       56%         4


Dungeon Overview and Level Annotations

Branches:
Dungeon (2/15)

Altars:

Annotations:
D:2 Sigmund


Innate Abilities, Weirdness & Mutations

You are too large for most types of armour.
You have tough skin. (AC +1)


Message History

Sigmund shouts!
Sigmund hits you with a +0 scythe.
You freeze Sigmund.
Sigmund is lightly wounded.
You freeze Sigmund.
Sigmund is lightly wounded.
Sigmund hits you with a +0 scythe.
You freeze Sigmund.
Sigmund is lightly wounded.
Sigmund hits you with a +0 scythe.
You freeze Sigmund!
Sigmund is heavily wounded.
You freeze Sigmund.
Sigmund is heavily wounded.
Sigmund casts a spell at you.
You are confused.
You're too confused to cast spells.
You're too confused to cast spells.
Unknown command.
Unknown command.
Sigmund hits you from afar with a +0 scythe.
You bump into the rock wall.
Sigmund hits you from afar with a +0 scythe!
* * * LOW HITPOINT WARNING * * *
You bump into the rock wall.
You bump into the rock wall.
Sigmund hits you from afar with a +0 scythe.
* * * LOW HITPOINT WARNING * * *
You feel less confused. Sigmund barely misses you.
It was a potion of degeneration.
There was something very wrong with that liquid.
You feel weakened.
You feel dopey.
You feel clumsy.
It was a potion of curing.
You feel better.
Sigmund hits you from afar with a +0 scythe!
* * * LOW HITPOINT WARNING * * *
It was a potion of resistance.
You feel protected.
Sigmund hits you from afar with a +0 scythe.
You die...

. ## .# . ###. .#
#.. ..# # #.#####..#
# #.##.##.....# ..#
#....@....$.#
....####.##.#...#
.......@..#....##
###.##..######.#
#^.# #.# #..######.#
#.......#.#
#...##.##.# #######
#....#.##.# #......
#..#.#.#..# #.#####
...........###......


You could see Sigmund.

Vanquished Creatures
  An adder (D:2)
  2 dart slugs
  A bat (D:1)
  2 endoplasms (D:1)
  2 giant cockroaches (D:1)
  5 goblins
  3 hobgoblins (D:1)
  3 kobolds
  3 quokkas (D:1)
  6 ball pythons (D:1)
  6 frilled lizards
  2 rats
36 creatures vanquished.

Notes
Turn   | Place    | Note
-------+----------+-------------------------------------------
     0 | D:1      | horus123 the Ogre Ice Elementalist began the quest for the
                  | Orb.
     0 | D:1      | Reached XP level 1. HP: 16/16 MP: 3/3
     3 | D:1      | Noticed an electric eel
     4 | D:1      | Noticed an electric eel
   329 | D:1      | Reached skill level 3 in Spellcasting
   522 | D:1      | Reached XP level 2. HP: 22/24 MP: 4/6
   779 | D:1      | Found a faded altar of an unknown god.
   844 | D:1      | Reached XP level 3. HP: 31/31 MP: 2/8
   846 | D:1      | Reached skill level 4 in Spellcasting
  1104 | D:1      | Learned a level 3 spell: Frozen Ramparts
  1108 | D:1      | Learned a level 3 spell: Ozocubu's Armour
  1558 | D:2      | Noticed Sigmund
  1569 | D:2      | HP: 1/31 [Sigmund (6)]
  1577 | D:2      | Slain by Sigmund

Illustrated notes

Levels and vault maps discovered:
D:1:      arrival_aquarium_b, layout_basic, basic_ecumenical_altar
D:2:      layout_basic, serial_shops, shop, grunt_decor_arrowhead,
          minmay_three_crescents, uniq_sigmund, uniq_crazy_yiuf_cottage,
          uniq_natasha

Skill      XL: |  1  2  3 |
---------------+----------+-----
Spellcasting   | 3 4 |  4.6
Dodging        | |  1.7
Stealth        | |  1.4
Ice Magic      | |  3.6

Action                   || total
-------------------------++-------
Melee: Unarmed           ||     9
 Cast: Freeze            ||    64
  Use: Potion            ||     3
       Scroll            ||     2
Armor: Robe              ||    22
Dodge: Dodged            ||    40
